 Dungeon Crawl Stone Soup version 0.30.1-3-gfc49f6343a (webtiles) character file.

Game seed: 11496000419395130037

137 Nellin the Shield-Bearer (level 5, 0/53 HPs)
             Began as a Troll Fighter on Aug 4, 2023.
             Succumbed to a scorpion's poison
             ... on level 6 of the Dungeon.
             The game lasted 00:05:45 (922 turns).

Nellin the Shield-Bearer (Troll Fighter)             Turns: 922, Time: 00:05:47

Health: 0/53       AC:  4    Str: 26    XL:     5   Next: 0%
Magic:  4/4        EV:  9    Int:  4    God:
Gold:   149        SH:  8    Dex:  9    Spells: 4/4 levels left

rFire   x . .        q - +0 dagger
rCold   + . .        b - +0 kite shield
rNeg    . . .        a - +0 robe
rPois   .            (helmet restricted)
rElec   .            (no cloak)
rCorr   .            (gloves unavailable)
SInv    .            (boots unavailable)
Will    .....        (no amulet)
Stlth   +            l - ring of ice
HPRegen 1.08/turn    (no ring)
MPRegen 0.09/turn

%: no passive effects
@: lethally poisoned (0 -> -4)
A: large, unfitting armour, claws 3, regeneration 1, shaggy fur 1, tough skin 1
a: no special abilities


You were on level 6 of the Dungeon.
You visited 1 branch of the dungeon, and saw 6 of its levels.

You collected 149 gold pieces.

Inventory:

Hand Weapons
 e - a +0 sling
 g - a +0 whip
 j - a +0 dagger
 q - a +0 dagger (weapon)
 r - a +0 flail
 u - a +0 shortbow
Missiles
 k - a stone (quivered)
Armour
 a - a +0 robe (worn)
 b - a +0 kite shield (worn)
 f - a +0 robe
 n - a +0 plate armour
 p - a +0 chain mail
 s - a +0 chain mail
 t - a +0 scale mail
Jewellery
 l - a ring of ice (left claw)
Scrolls
 h - a scroll of enchant weapon {unknown}
 i - a scroll of identify {unknown}
 m - a scroll of poison {unknown}
 v - a scroll of magic mapping {unknown}


   Skills:
 + Level 3.2 Fighting
 + Level 3.0 Dodging
 + Level 3.4 Shields
 + Level 3.0 Unarmed Combat


You had 4 spell levels left.
You didn't know any spells.
Your spell library was empty.

Dungeon Overview and Level Annotations

Branches:
Dungeon (6/15)
 Temple: D:4-7

Altars:


Innate Abilities, Weirdness & Mutations

You are too large for most types of armour.
You have claws for hands.
Your natural rate of healing is unusually fast.
You are covered in fur. (AC +1)
You have tough skin. (AC +1)


Message History

The ufetubus hits you but does no damage.
You block the ufetubus's attack.
The ufetubus hits you but does no damage.
The scorpion stings you. The ufetubus attacks as you move away!
The ufetubus hits you. You block the ufetubus's attack.
The scorpion stings you.
You are poisoned.
The scorpion poisons you! You block the ufetubus's attack.
The ufetubus hits you.
You feel very sick.
You feel sick.
The orc priest hits you but does no damage.
The ufetubus misses you. The ufetubus hits you.
You feel sick.
You feel sick.
The ufetubus hits you but does no damage.
You block the ufetubus's attack.
You see here 4 poisoned darts.
You feel a little less clever now.
You feel sick. You block the orc priest's attack.
The ufetubus barely misses you.
The ufetubus hits you but does no damage.
You feel sick. You block the ufetubus's attack.
The ufetubus hits you but does no damage.
You feel sick. You block the orc priest's attack.
There is a stone staircase leading down here.
You feel sick. The ufetubus hits you.
* * * LOW HITPOINT WARNING * * *
You block the ufetubus's attack.
The orc priest hits you with a +0 hand axe.
* * * LOW HITPOINT WARNING * * *
The orc completely misses you. The scorpion stings you.
* * * LOW HITPOINT WARNING * * *
You are more poisoned.
The scorpion poisons you! The ufetubus hits you.
* * * LOW HITPOINT WARNING * * *
The ufetubus hits you.
* * * LOW HITPOINT WARNING * * *
You climb downwards.
You die... ##### #5o@# #o### #

You could see an orc priest, an orc and an ufetubus.

Vanquished Creatures
  A scorpion (D:4)
  An orc wizard (D:3)
  Natasha (D:2)
  A dart slug (D:1)
  8 orcs
  4 bats
  3 endoplasms
  2 hobgoblins
  A quokka (D:1)
  2 kobolds (D:1)
24 creatures vanquished.

Vanquished Creatures (others)
  An orc (D:5)
1 creature vanquished.

Grand Total: 25 creatures vanquished

Notes
Turn   | Place    | Note
-------+----------+-------------------------------------------
     0 | D:1      | Nellin the Troll Fighter began the quest for the Orb.
     0 | D:1      | Reached XP level 1. HP: 22/22 MP: 0/0
   222 | D:1      | Reached XP level 2. HP: 29/29 MP: 1/1
   442 | D:2      | Noticed Natasha
   452 | D:2      | Killed Natasha
   453 | D:2      | Reached XP level 3. HP: 30/37 MP: 2/2
   654 | D:3      | Reached XP level 4. HP: 45/45 MP: 3/3
   817 | D:4      | Noticed a scorpion
   825 | D:4      | Killed a scorpion
   838 | D:5      | Entered Level 5 of the Dungeon
   866 | D:5      | Reached XP level 5. HP: 10/53 MP: 4/4
   921 | D:5      | HP: 1/53 [ufetubus (4)]
   922 | D:6      | Succumbed to a scorpion's poison

Illustrated notes

Levels and vault maps discovered:
D:1:      roderic_crop_circles_arrival_small, layout_loops_ring, st_stairs_3
D:2:      layout_basic, uniq_terence, uniq_natasha
D:3:      layout_loops_ring, nicolae_hexahallways, uniq_jessica
D:4:      layout_basic, mainiacjoe_overflow_alcove_4, uniq_pikel
D:5:      layout_rooms, uniq_menkaure
D:6:      layout_basic, grunt_temple_overflow_holy_war,
          kennysheep_vampire_church, mainiacjoe_overflow_concentric_impassable,
          minmay_temple_entry_sparse_star, uniq_blork_the_orc

Skill      XL: |  1  2  3  4 |
---------------+-------------+-----
Fighting       | 3 |  3.2
Shields        | 3 |  3.4
Dodging        | 3 |  3.0
Unarmed Combat | 3 |  3.0

Action                     |  1- 3 |  4- 6 || total
---------------------------+-------+-------++-------
  Melee: Unarmed           |    63 |    17 ||    80
         Dagger            |       |    26 ||    26
    Use: Potion            |       |     5 ||     5
 Armour: Robe              |    16 |    27 ||    43
  Dodge: Dodged            |    21 |    55 ||    76
  Block: Kite shield       |    26 |    47 ||    73
